 Dungeon Sprint DCSS version 0.29.1-15-g9cfb28693d (webtiles) character file.

Game seed: 11351463600643193762

16711 boopmooplesden the Executioner (level 12, -13/129 HPs)
             Began as a Minotaur Fighter on Mar 9, 2023.
             Was the Champion of Trog.
             Mangled by a skeletal warrior
             ... wielding a +0 dire flail
              (15 damage)
             ... in the Dungeon (Sprint VII: "The Pits").
             The game lasted 00:06:38 (2213 turns).

boopmooplesden the Executioner (Minotaur Fighter)   Turns: 2213, Time: 00:06:39

Health: -13/129    AC: 25    Str: 25    XL:     12   Next: 12%
Magic:  11/11      EV:  9    Int:  5    God:    Trog [******]
Gold:   43         SH:  0    Dex: 11    Spells: 11/11 levels left

rFire   + . .      SeeInvis .   t - +8 executioner's axe (vorpal)
rCold   . . .      Faith    .   (shield currently unavailable)
rNeg    . . .      Spirit   .   s - +3 plate armour {rF+}
rPois   .          Reflect  .   (helmet restricted)
rElec   .          Harm     .   A - +1 cloak
rCorr   .          Rampage  .   (no gloves)
Will    .....      NoTele   +   q - +0 pair of boots
Stlth   ..........              (no amulet)
HPRegen 0.31/turn               (no ring)
MPRegen 0.12/turn               (no ring)

@: on berserk cooldown, slowed, very slow
A: horns 2, retaliatory headbutt
a: Renounce Religion, Berserk, Trog's Hand, Brothers in Arms


You were in the Dungeon.
You worshipped Trog.
Trog was exalted by your worship.
You visited 1 branch You collected 43 gold pieces.

Inventory:

Hand Weapons
 a - a +0 war axe
 l - a +2 hand axe of freezing
 m - a +7 vorpal war axe
 p - a +1 vorpal broad axe
 t - a +8 vorpal executioner's axe (weapon)
Armour
 k - a +2 plate armour
 q - a +0 pair of boots (worn)
 s - a +3 plate armour of fire resistance (worn)
 A - a +1 cloak (worn)
Jewellery
 n - a +3 ring of intelligence
 o - a +3 ring of intelligence
 x - a ring of willpower
 z - a ring of positive energy
Scrolls
 j - a scroll of fear
 u - 3 scrolls of identify
 v - 4 scrolls of butterflies
Potions
 d - 5 potions of might
 e - 10 potions of curing
 f - 10 potions of heal wounds
 g - a potion of haste
 h - 3 potions of magic
 i - a potion of berserk rage
 B - a potion of flight
 C - a potion of resistance
Miscellaneous
 y - a tin of tremorstones (2/2)


   Skills:
 + Level 18.9 Fighting
 + Level 24.5 Axes
 + Level 17.0 Armour
 + Level 3.7 Dodging
 + Level 0.8 Stealth
 + Level 10.8 Shields


You had 11 spell levels left.
You didn't know any spells.
Your spell library was empty.

Dungeon Overview and Level Annotations

Branches:
Dungeon (1/1)

Altars:
Cheibriados
Dithmenos
Elyvilon
Fedhas
Gozag
Hepliaklqana
Makhleb
Nemelex Xobeh
Okawaru
Qazlal
Ru
Sif Muna
Trog
Vehumet
Wu Jian
Xom
Yredelemnul
Zin
The Shining One
Jiyva
Lugonu

Annotations:
D Ilsuiw


Innate Abilities, Weirdness & Mutations

You have a pair of horns on your head.
You reflexively headbutt those who attack you in melee.


Message History

Your Axes skill increases to level 24!
You have reached level 12!
You feel stronger.
Your stone giant hits the minotaur!
The minotaur unwields a +2 vorpal sling.
The minotaur hits you! The minotaur gores you!
Ilsuiw gestures wildly while chanting.
Ilsuiw blinks!
Your stone giant hits the minotaur!!
You slash the minotaur! Your headbutt misses the minotaur.
The minotaur is severely wounded.
Your stone giant hits the minotaur!
The minotaur barely misses you. You furiously retaliate!
You headbutt the minotaur, but do no damage.
The minotaur gores you.
Your stone giant hits the minotaur!!!
The minotaur dies!
Trog accepts your kill.
The ice devil hits you but does no damage. x2
Your stone giant hits the ice devil!!!
The ice devil dies!
Trog accepts your kill.
Items here: ( )) [ †.
You slash the guardian mummy!
Your headbutt misses the guardian mummy.
The guardian mummy is heavily damaged.
Your stone giant hits the guardian mummy!
You slash the guardian mummy!
You destroy the guardian mummy!
Trog accepts your kill.
You slice Ilsuiw!!
You feel extremely nervous for a moment...
Your body is wracked with pain!
* * * LOW HITPOINT WARNING * * *
Ilsuiw points at you and mumbles some strange words.
The shard of ice hits you!!!
* * * LOW HITPOINT WARNING * * *
Your stone giant hits Ilsuiw!!!
Your Armour skill increases to level 17!
The skeletal warrior attacks as you move away!
The skeletal warrior hits you with a +0 dire flail!
You die...

## #.# #)# ## # #4#
#)# t# #.#.## .#
#)#.#..#
#############z##..#
#
...........m@†.†..#
#
.........†).C†....#
#
#######''##########
###########''######
##................#
##......#..#......#
##................+
.'................+
##......#..#......#


You could see Ilsuiw (ally target), a skeletal warrior and a friendly stone
giant (summoned, berserk).

Vanquished Creatures
  A boulder beetle (D)
  A death knight (D)
  3 death yaks (D)
  Urug (D)
  2 fire crabs (D)
  2 orc knights (D)
  A phantasmal warrior (D)
  A salamander (D)
  A moth of wrath (D)
  An elephant (D)
  A smoke demon (D)
  An orange demon (D)
  2 molten gargoyles (D)
  3 komodo dragons (D)
  A rime drake (D)
  2 unseen horrors (D)
  A demonic crawler (D)
  2 efreet (D)
  3 guardian mummies (D)
  A tyrant leech (D)
  A jumping spider (D)
  A water elemental (D)
  A ynoxinul (D)
  A wraith (D)
  A basilisk (D)
  A redback (D)
  3 floating eyes (D)
  A water moccasin (D)
  An ice beast (D)
  A centaur (D)
  A kobold brigand (D)
  A gnoll sergeant (D)
  A scorpion (D)
  3 wights (D)
  2 gnoll boudas (D)
  2 orc priests (D)
  2 jellies (D)
  An orc wizard (D)
  A hell rat (D)
  2 adders (D)
  13 gnolls (D)
  2 ufetubi (D)
  4 orcs (D)
  2 bat zombies (D)
  An endoplasm (D)
  2 goblins (D)
  A hobgoblin (D)
  3 jackals (D)
  2 quokkas (D)
  2 ball python zombies (D)
  A bat (D)
  A bat simulacrum (D)
  2 kobolds (D)
  A quokka skeleton (D)
96 creatures vanquished.

Vanquished Creatures (collateral kills)
  A minotaur (D)
  An alligator (D)
  A spriggan berserker (D)
  A spriggan druid (D)
  A naga mage (D)
  An ice devil (D)
  A wind drake (D)
  A warg (D)
  3 nagas (D)
11 creatures vanquished.

Vanquished Creatures (others)
  An orc (D)
  A ball python (D)
2 creatures vanquished.

Grand Total: 109 creatures vanquished

Notes
Turn   | Place    | Note
-------+----------+-------------------------------------------
     0 | D        | boopmooplesden the Minotaur Fighter began the quest for the
                  | Orb.
     0 | D        | Reached XP level 1. HP: 19/19 MP: 0/0
    16 | D        | Found a bloodstained altar of Trog.
    16 | D        | Found a shimmering blue altar of Sif Muna.
    16 | D        | Found a viscous altar of Jiyva.
    16 | D        | Found a hazy altar of Hepliaklqana.
    16 | D        | Found an opulent altar of Gozag.
    17 | D        | Found a glowing golden altar of the Shining One.
    17 | D        | Found a glowing silver altar of Zin.
    17 | D        | Found a basalt altar of Yredelemnul.
    17 | D        | Found a shimmering altar of Xom.
    17 | D        | Found an ornate altar of the Wu Jian Council.
    17 | D        | Found a sacrificial altar of Ru.
    17 | D        | Found a stormy altar of Qazlal.
    17 | D        | Found an iron altar of Okawaru.
    17 | D        | Found a sparkling altar of Nemelex Xobeh.
    17 | D        | Found a burning altar of Makhleb.
    17 | D        | Found a blossoming altar of Fedhas.
    17 | D        | Found a white marble altar of Elyvilon.
    17 | D        | Found a shadowy altar of Dithmenos.
    17 | D        | Found a snail-covered altar of Cheibriados.
    26 | D        | Found a corrupted altar of Lugonu.
    26 | D        | Found a radiant altar of Vehumet.
    27 | D        | Became a worshipper of Trog the Wrathful
    35 | D        | Noticed a floating eye
    38 | D        | Killed a floating eye
    39 | D        | Reached skill level 4 in Axes
    39 | D        | Reached XP level 2. HP: 34/34 MP: 1/1
    39 | D        | Reached XP level 3. HP: 39/39 MP: 2/2
    39 | D        | Reached XP level 4. HP: 47/47 MP: 3/3
    42 | D        | Reached * piety under Trog
    54 | D        | Noticed a floating eye
    57 | D        | Paralysed by a floating eye for 3 turns
    64 | D        | Killed a floating eye
    64 | D        | Reached ** piety under Trog
    65 | D        | Reached skill level 6 in Axes
    65 | D        | Reached XP level 5. HP: 53/55 MP: 4/4
    70 | D        | Noticed a water moccasin
    75 | D        | Killed a water moccasin
    76 | D        | Reached skill level 7 in Axes
    76 | D        | Reached skill level 1 in Dodging
    76 | D        | Reached XP level 6. HP: 63/63 MP: 5/5
   148 | D        | Reached *** piety under Trog
   149 | D        | Reached skill level 8 in Axes
   154 | D        | Reached skill level 9 in Axes
   165 | D        | Noticed a floating eye
   167 | D        | Reached **** piety under Trog
   167 | D        | Paralysed by a floating eye for 2 turns
   172 | D        | Killed a floating eye
   173 | D        | Reached skill level 10 in Fighting
   173 | D        | Reached XP level 7. HP: 72/72 MP: 6/6
   177 | D        | Reached skill level 10 in Axes
   200 | D        | Noticed a guardian mummy
   211 | D        | Killed a guardian mummy
   211 | D        | Reached ***** piety under Trog
   212 | D        | Reached skill level 12 in Axes
   212 | D        | Reached skill level 10 in Armour
   412 | D        | Received a gift from Trog
   421 | D        | Noticed an elephant
   421 | D        | Noticed a smoke demon
   428 | D        | Killed an elephant
   429 | D        | Reached skill level 13 in Axes
   429 | D        | Reached XP level 8. HP: 79/82 MP: 7/7
   429 | D        | Killed a smoke demon
   430 | D        | Reached skill level 14 in Axes
   641 | D        | Noticed a tyrant leech
   656 | D        | Killed a tyrant leech
   657 | D        | Reached skill level 10 in Shields
   893 | D        | Noticed a rime drake
   893 | D        | Noticed a jumping spider
   900 | D        | Killed an unseen horror
   900 | D        | Received a gift from Trog
   901 | D        | Reached skill level 15 in Axes
   901 | D        | Reached XP level 9. HP: 90/90 MP: 8/8
   908 | D        | Killed a rime drake
   908 | D        | Reached ****** piety under Trog
   913 | D        | Received a gift from Trog
   946 | D        | Noticed an orc knight
   947 | D        | Reached skill level 16 in Axes
   953 | D        | Noticed a komodo dragon
   961 | D        | Killed an orc knight
   961 | D        | Killed a komodo dragon
   962 | D        | Reached skill level 17 in Axes
  1290 | D        | Noticed a molten gargoyle
  1299 | D        | Killed a molten gargoyle
  1299 | D        | Received a gift from Trog
  1306 | D        | Reached XP level 10. HP: 62/102 MP: 9/9
  1321 | D        | Received a gift from Trog
  1322 | D        | Reached skill level 18 in Axes
  1488 | D        | Noticed a death knight
  1503 | D        | Killed a death knight
  1681 | D        | Noticed a boulder beetle
  1691 | D        | Killed a boulder beetle
  1692 | D        | Reached skill level 19 in Axes
  1695 | D        | Noticed an orange demon
  1706 | D        | Killed an orange demon
  1706 | D        | Received a gift from Trog
  1707 | D        | Reached skill level 15 in Fighting
  1714 | D        | Reached skill level 15 in Armour
  1716 | D        | Noticed a phantasmal warrior
  1718 | D        | Noticed Urug
  1723 | D        | Noticed a naga mage
  1723 | D        | Noticed a salamander
  1730 | D        | Killed a phantasmal warrior
  1731 | D        | Reached skill level 20 in Axes
  1735 | D        | Killed Urug
  1741 | D        | Killed a salamander
  1741 | D        | Received a gift from Trog
  1742 | D        | Reached XP level 11. HP: 78/114 MP: 10/10
  1754 | D        | Reached skill level 21 in Axes
  1829 | D        | Noticed an orc knight
  1834 | D        | Received a gift from Trog
  1836 | D        | Killed an orc knight
  2175 | D        | Noticed a death yak
  2178 | D        | Noticed a death yak
  2183 | D        | Killed a death yak
  2183 | D        | Received a gift from Trog
  2183 | D        | Killed a death yak
  2184 | D        | Reached skill level 22 in Axes
  2184 | D        | Noticed a fire crab
  2184 | D        | Noticed a spriggan druid
  2185 | D        | Killed a fire crab
  2186 | D        | Noticed a death yak
  2192 | D        | Killed a death yak
  2192 | D        | Received a gift from Trog
  2194 | D        | Noticed a fire crab
  2194 | D        | Identified the +3 chain mail of Patience {rN+}
  2194 | D        | Noticed a skeletal warrior
  2199 | D        | Noticed a minotaur
  2200 | D        | Noticed a spriggan berserker
  2200 | D        | Killed a fire crab
  2201 | D        | Reached skill level 23 in Axes
  2201 | D        | Killed a spriggan berserker
  2201 | D        | Noticed an alligator
  2202 | D        | Killed a spriggan druid
  2206 | D        | Received a gift from Trog
  2207 | D        | Killed an alligator
  2207 | D        | Identified the +7 hand axe of Resourcefulness {vorpal,
                  | Int+4}
  2207 | D        | Noticed Ilsuiw
  2208 | D        | Reached skill level 24 in Axes
  2208 | D        | Reached XP level 12. HP: 95/128 MP: 11/11
  2209 | D        | Killed a minotaur
  2212 | D        | HP: 2/129 [Ilsuiw/shard of ice (36)]
  2213 | D        | Mangled by a skeletal warrior

Illustrated notes

Levels and vault maps discovered:
D:        pitsprint [storerooms_1, entrance_room_1, metal_vault_3, armoury_1,
          mini_pit_1, grid_room_1, main_hall_1, silver_pit, the_coven_2,
          the_vestibule_1, steel_vault_5, golden_pit, hallway_of_sentries,
          crystal_vault_5, iron_vault_1, final_vault]

Skill      XL: |  1  2  3  4  5  6  7  8  9 10 11 12 |
---------------+-------------------------------------+-----
Fighting       | 7 8 9 10 11 12 13 15 18 | 18.9
Axes           | 4 6 7 9 13 15 17 20 24 | 24.5
Armour         | 6 7 8 9 10 11 13 15 16 17 | 17.0
Shields        | 6 7 8 9 10 | 10.8
Dodging        | 1 2 3 |  3.7
Stealth        | |  0.8

Action                   |  1- 3 |  4- 6 |  7- 9 | 10-12 || total
-------------------------+-------+-------+-------+-------++-------
Melee: War axe           |     5 |    32 |    36 |       ||    73
       Headbutt          |     2 |     7 |    17 |    20 ||    46
       Broad axe         |       |       |    23 |       ||    23
       Executioner's axe |       |       |    25 |    89 ||   114
Invok: Berserk           |       |     2 |     5 |     5 ||    12
       Trog's Hand       |       |       |       |     1 ||     1
       Brothers in Arms  |       |       |       |     2 ||     2
  Use: Potion            |       |       |       |     4 ||     4
       Scroll            |       |       |       |     3 ||     3
Armor: Scale mail        |     2 |    11 |       |       ||    13
       Plate armour      |       |     3 |    45 |    57 ||   105
Dodge: Dodged            |     3 |    12 |    21 |    41 ||    77
Block: Buckler           |     1 |     5 |    14 |       ||    20
